 Dungeon Crawl Stone Soup version 0.23.2 (webtiles) character file.

Game seed: 728855253276530339

78 Gingko the Magician (level 4, -27/27 HPs)
             Began as an Octopode Wizard on Apr 6, 2019.
             Was an Initiate of Nemelex Xobeh.
             Killed by a card of wild magic (37 damage)
             ... on level 2 of the Dungeon.
             The game lasted 00:18:28 (2863 turns).

Gingko the Magician (Octopode Wizard)               Turns: 2863, Time: 00:18:33

Health: -27/27     AC:  1    Str:  6    XL:     4   Next: 36%
Magic:  3/10       EV: 13    Int: 21    God:    Nemelex Xobeh [......]
Gold:   64         SH:  0    Dex: 10    Spells: 6/11 levels left

rFire    . . .     SeeInvis .   l - -3 spear (curse)
rCold    . . .     Gourm    .   (no shield)
rNeg     . . .     Faith    .   a - +0 hat
rPois    .         Spirit   .   (no amulet)
rElec    .         Reflect  .   (no ring)
rCorr    .         Harm     .   (no ring)
MR       .....                  (no ring)
Stlth    +++.......             (no ring)
HPRegen  0.09/turn              (no ring)
MPRegen  0.12/turn              (no ring)
                                (no ring)
                                (no ring)

@: no status effects
A: almost no armour, stealthy swim, amphibious, 8 rings, constrict 8, camouflage
1, gelatinous body 1
a: Draw Escape, Draw Destruction, Draw Summoning, Renounce Religion


You were on level 2 of the Dungeon.
You worshipped Nemelex Xobeh.
Nemelex Xobeh was noncommittal.
You were not hungry.

You visited 1 branch of the dungeon, and saw 2 of its levels.

You collected 64 gold pieces.

Inventory:

Hand Weapons
 l - a cursed -3 spear (weapon)
Missiles
 b - 69 arrows
 j - 126 stones (quivered)
 q - 22 poisoned needles
Armour
 a - a +0 hat (worn)
Jewellery
 d - a cursed amulet of inaccuracy {unknown}
 g - an uncursed ring of protection from cold {unknown}
 n - a +2 ring of protection {unknown}
 p - an uncursed ring of resist corrosion {unknown}
Scrolls
 e - a scroll of fear {unknown}
 h - a scroll of fog {unknown}
 i - 2 scrolls of amnesia {unknown}
 k - a scroll of magic mapping {unknown}
 m - 3 scrolls of identify {unknown}
 o - a scroll of teleportation {unknown}
Potions
 r - a potion of lignification {unknown}
 s - a potion of might
 t - a potion of curing {unknown}
Comestibles
 c - 6 rations
 f - a chunk of flesh


   Skills:
 - Level 2.0 Dodging
 - Level 2.6 Stealth
 + Level 4.0 Spellcasting
 + Level 2.8 Conjurations
 - Level 1.0 Summonings
 - Level 1.0 Translocations


You had 6 spell levels left.
You knew the following spells:

 Your Spells              Type           Power        Failure   Level  Hunger
a - Magic Dart            Conj           ###.         3%          1    None
b - Blink                 Tloc           N/A          12%         2    #......
c - Call Imp              Summ           #.......     12%         2    #......

Your spell library contained the following spells:

 Spells                   Type           Power        Failure   Level  Hunger
 Slow                     Hex            #.......     19%         2    #......
 Conjure Flame            Conj/Fire      ##......     21%         3    ###....
 Mephitic Cloud           Conj/Pois/Air  #.......     24%         3    ###....


Dungeon Overview and Level Annotations

Branches:
Dungeon (2/15)

Altars:
Makhleb
Nemelex Xobeh
Ru
Trog

Annotations:
D:2 !Natasha, 1 exclusion


Innate Abilities, Weirdness & Mutations

You cannot wear most types of armour.
You are very stealthy in the water. (Stealth+)
You are amphibious.
You can wear up to eight rings at the same time.
You can use your tentacles to constrict eight enemies at once.
Your skin changes colour to match your surroundings (Stealth+).
Your rubbery body absorbs attacks. (AC +1, EV +1)


Message History

Confirm with . or Enter, or press ? or * to list all spells.
A beastly little devil appears in a puff of flame.
Natasha casts a spell.
Your crimson imp misses Natasha.
You draw a card...
You have drawn Wild Magic.
There is a sudden explosion of magical energy!
The explosion engulfs Natasha!!!
Natasha dies!
Natasha screams in pain as she dies!
The white imp disappears in a puff of smoke!
Your Spellcasting skill increases to level 4!
You have reached level 4!
The explosion engulfs your crimson imp!!
Your crimson imp dies!
The explosion engulfs your crimson imp!!
Your crimson imp dies!
The explosion engulfs you!!!
Ouch! That really hurt!
You die...
Your body disappears without a glow.

#..## #.##.####### #.##.##. #..##
#.##'## #....... #...# #.#...##
####.### ##.#.# #......## ####.#
##..#.###.......## ##.##.#
#####...#.##.....>...####...#.###
.....................+...........
#####...#.##.........##.#..#####.
##.##.###...@...###.#..# #.
####.# ##.....## #.########. #.#
##.†.## #....._#1#. #.# ##'##
#..#######. #.# #§# #....# #...
#.# #.# ##.### #### #.# ##.## #.#
#.# ##...# #.# #.... #.#


There were no monsters in sight!

Vanquished Creatures
  3 adders (D:2)
  2 worms (D:2)
  A giant cockroach (D:1)
  4 goblins
  5 hobgoblins
  3 ball pythons
  4 bats
  A kobold (D:2)
23 creatures vanquished.

Vanquished Creatures (collateral kills)
  A goblin (D:2)
  A quokka (D:2)
2 creatures vanquished.

Vanquished Creatures (others)
  Natasha (D:2)
1 creature vanquished.

Grand Total: 26 creatures vanquished

Notes
Turn   | Place    | Note
-------+----------+-------------------------------------------
     0 | D:1      | Gingko the Octopode Wizard began the quest for the Orb.
     0 | D:1      | Reached XP level 1. HP: 11/11 MP: 4/4
   972 | D:1      | Reached XP level 2. HP: 7/17 MP: 6/6
  1506 | D:2      | Reached XP level 3. HP: 12/21 MP: 8/8
  1689 | D:2      | Found a burning altar of Makhleb.
  1689 | D:2      | Noticed an Executioner
  1711 | D:2      | Noticed Natasha
  1741 | D:2      | Learned a level 2 spell: Blink
  1744 | D:2      | Learned a level 2 spell: Call Imp
  1788 | D:2      | Found a sacrificial altar of Ru.
  1826 | D:2      | Found a sparkling altar of Nemelex Xobeh.
  1847 | D:2      | Became a worshipper of Nemelex Xobeh the Trickster
  1851 | D:2      | HP: 1/21 [poisoned by an adder]
  2386 | D:2      | Received a gift from Nemelex Xobeh
  2607 | D:2      | Found a bloodstained altar of Trog.
  2863 | D:2      | Killed Natasha
  2863 | D:2      | Reached skill level 4 in Spellcasting
  2863 | D:2      | Reached XP level 4. HP: 10/27 MP: 3/10
  2863 | D:2      | Killed by a card of wild magic

Skill      XL: |  1  2  3 |
---------------+----------+-----
Conjurations   | 2 |  2.8
Spellcasting   | 4 |  4.0
Dodging        | |  2.0
Stealth        | |  2.6
Summonings     | |  1.0
Translocations | |  1.0

Action                   |  1- 3 |  4- 6 || total
-------------------------+-------+-------++-------
Melee: Unarmed           |    16 |       ||    16
       Spear             |    42 |       ||    42
       Constrict         |    13 |       ||    13
       Tentacles         |     9 |       ||     9
 Cast: Magic Dart        |    24 |       ||    24
       Call Imp          |     7 |       ||     7
       Blink             |     1 |       ||     1
 Abil: Draw Destruction  |     2 |       ||     2
  Use: Potion            |     2 |       ||     2
 Stab: Sleeping          |     3 |       ||     3
       Distracted        |     1 |       ||     1
  Eat: Chunk             |     6 |       ||     6
Armor: Skin              |     2 |       ||     2
Dodge: Dodged            |    32 |       ||    32
